Unix NetHack Version 5.0.0-0 post-release - last build May 31 2026 23:59:36 (970b52f25bf058293b47ddfd14a1e40e571c508c,branch:main).

Game began 2026-06-06 22:01:51, ended 2026-06-06 22:16:44.

Eymerich, chaotic male elven Priest

        ---
       --.---
       |....--
        -..f@|
        |..h-|
        |....-
        |.--..|
        |.| -..|
        |.|  -.|
        |.|    .
        |.|    -
        |.|
         .|
         .|
        ..|
        ..
        ..0
        |.
        ---
Eymerich the Acolyte         St:13 Dx:9 Co:11 In:11 Wi:19 Ch:12  Chaotic
Dlvl:4  $:11 HP:0(24) Pw:41(41) AC:6  Xp:4 T:1591 

Latest messages:
 In what direction?
 The dart hits the green mold.
 In what direction?
 The dart hits the green mold.
 Puffa misses the green mold.
 Puffa misses the green mold.
 In what direction?
 The dart misses the green mold.
 Puffa misses the green mold.
 In what direction?
 The dart hits the green mold.
 The dart corrodes!
 Puffa misses the green mold.
 In what direction?
 The dart hits the green mold.
 Puffa misses the green mold.
 Puffa misses the green mold.
 Puffa bites the green mold.
 In what direction?
 The dart hits the green mold.
 Puffa misses the green mold.
 Puffa bites the green mold.
 The green mold is killed!
 There is a green mold corpse here; eat it? [ynq] (n)
 You have a very bad case of stomach acid.
 You hear the chime of a cash register.
 You finish eating the green mold corpse.
 You have a little trouble lifting z - 3 darts (at the ready) (5 in total).
 F - a corroded dart.
 What do you want to drop? [$a-ln-zABEF or ?*]
 You drop a cursed sling.
 What do you want to drop? [$a-ln-tv-zABEF or ?*]
 You drop a +0 iron skull cap.
 Your movements are now unencumbered.
 Where do you want to travel to?
 (For instructions type a '?')
 You swap places with Puffa.
 You descend the stairs.
 The dwarf swings her broad pick.
 The dwarf hits!
 Puffa misses the dwarf.
 You miss the dwarf.
 Puffa misses the dwarf.
 The dwarf swings her broad pick.
 The dwarf hits!
 You die...
 Do you want your possessions identified? [ynq] (y)
 Do you want to see your attributes? [ynq] (y)
 Do you want an account of creatures vanquished? [ynaq] (y)
 Do you want to see your conduct and achievements? [ynq] (y)

Inventory:
 Coins    ('$')
  $ - 11 gold pieces
 Weapons  (')')
  z - 5 +0 darts (at the ready)
  F - a corroded +0 dart
  r - a +0 orcish dagger
  a - a blessed +1 mace (weapon in right hand)
 Armor    ('[')
  s - a blessed +0 orcish helm (being worn)
  c - a +0 small shield (being worn)
  b - a +0 robe (being worn)
 Comestibles  ('%')
  e - a clove of garlic
  n - 3 food rations
  E - a food ration
  w - a fortune cookie
  f - a sprig of wolfsbane
  k - 2 lichen corpses
 Scrolls  ('?')
  j - a cursed scroll of destroy armor
 Spellbooks  ('+')
  o - a spellbook of confuse monster
  h - a spellbook of detect unseen
  g - a spellbook of healing
 Potions  ('!')
  A - a potion of booze
  p - a potion of healing
  t - a potion of sickness
  d - 4 potions of holy water
 Rings    ('=')
  l - a cursed ring of aggravate monster
  B - a +4 ring of gain constitution
 Wands    ('/')
  x - a wand of create monster (0:11)
 Tools    ('(')
  i - a leather drum
  y - a wooden flute
 Gems/Stones  ('*')
  v - 4 flint stones

Eymerich the Priest's attributes:

Background:
 You were an Acolyte, a level 4 elven Priest.
 You were chaotic, on a mission for Huhetotl
 who was opposed by Quetzalcoatl (lawful) and Camaxtli (neutral).
 You were right-handed.
 You were in the Gnomish Mines, on level 4.
 You entered the dungeon 1591 turns ago.
 It was nighttime.
 You had 89 experience points, 71 more were needed to attain level 5.

Basics:
 You had 0 out of 24 hit points.
 You had all 41 energy points (spell power).
 Your armor class was 6.
 Your wallet contained 11 zorkmids.
 Autopickup was off.

Final Characteristics:
 Your strength was 13 (limit:18).
 Your dexterity was 9 (limit:18).
 Your constitution was 11 (limit:16).
 Your intelligence was 11 (limit:20).
 Your wisdom was 19 (limit:20).
 Your charisma was 12 (limit:18).

Final Status:
 You weren't hungry.
 You were unencumbered.
 You were wielding a mace.
 You had basic skill with mace.

Final Attributes:
 You were devoutly aligned.
 You were sleep resistant.
 You had infravision.
 You were guarded.
 Your spell casting was enhanced by wearing a robe.
 You are dead.

Miscellaneous:
 You didn't encounter any bones levels.
 Total elapsed playing time was 14 minutes and 51 seconds.

Major events:
 Turn
    1: Eymerich the chaotic elven Priest entered the dungeon
 1049: attained the rank of Acolyte (level 3)
 1180: entered the Gnomish Mines
 1591: killed by a dwarf

Spells:
 Name                 Level Category     Fail Retention
 healing                1   healing        0%  76%-100%
 detect unseen          3   divination    74%  76%-100%

Skills:
 Fighting Skills
   bare handed combat [Unskilled]
 Weapon Skills
   club               [Unskilled]
   mace               [Basic]
   morning star       [Unskilled]
   flail              [Unskilled]
   hammer             [Unskilled]
   quarterstaff       [Unskilled]
   polearms           [Unskilled]
   spear              [Unskilled]
   trident            [Unskilled]
   lance              [Unskilled]
   bow                [Unskilled]
   sling              [Unskilled]
   crossbow           [Unskilled]
   dart               [Unskilled]
   shuriken           [Unskilled]
   boomerang          [Unskilled]
   unicorn horn       [Unskilled]
 Spellcasting Skills
   healing spells     [Unskilled]
   divination spells  [Unskilled]
   clerical spells    [Basic]

Voluntary challenges:
 Character rerolling was not enabled.
 You were illiterate.
 You never genocided any monsters.
 You never polymorphed an object.
 You never changed form.
 You used no wishes.
Achievements:
 You entered a shop.
 You attained the rank of Acolyte.
 You entered the Gnomish Mines.

 The Dungeons of Doom: levels 1 to 3
    Level 1:
    Level 2: "locked chest"
       A sink.
    Level 3:
       A food shop, an altar, a fountain.
       Stairs down to The Gnomish Mines.
 The Gnomish Mines:
    Level 4: <- You were here.
       Final resting place for
          you, killed by a dwarf.


Vanquished creatures:
  a small mimic
  a hobbit
  a hobgoblin
  2 giant rats
  a yellow mold
  a green mold
  a gnome
  3 jackals
  2 goblins
  6 grid bugs
  2 lichens
  a kobold zombie
  4 newts
26 creatures vanquished.

No species were genocided or became extinct.

Game over:
                       ----------
                      /          \
                     /    REST    \
                    /      IN      \
                   /     PEACE      \
                  /                  \
                  |     Eymerich     |
                  |      11 Au       |
                  |   killed by a    |
                  |      dwarf       |
                  |                  |
                  |                  |
                  |       2026       |
                 *|     *  *  *      | *
        _________)/\\_//(\/(/\)/\//\/|_)_______

Goodbye Eymerich the Priest...

You died in The Gnomish Mines on dungeon level 4 with 516 points,
and 11 pieces of gold, after 1591 moves.
You were level 4 with a maximum of 24 hit points when you died.

